 Dungeon Crawl Stone Soup version 0.26.1-11-gd32895ea62 (webtiles) character file.

Game seed: 632990440357348207

21 Almogavar the Magician (level 2, 0/19 HPs)
             Began as a Demonspawn Hedge Wizard on May 26, 2021.
             Slain by a jackal (1 damage)
             ... on level 1 of the Dungeon.
             The game lasted 00:03:42 (835 turns).

Almogavar the Magician (Demonspawn Hedge Wizard)     Turns: 835, Time: 00:03:44

Health: 0/19       AC:  2    Str: 10    XL:     2   Next: 65%
Magic:  0/6        EV: 12    Int: 21    God:
Gold:   68         SH:  0    Dex: 12    Spells: 7/8 levels left

rFire    . . .     SeeInvis .   a - +0 dagger
rCold    . . .     Faith    .   (no shield)
rNeg     . . .     Spirit   +   b - +0 robe
rPois    .         Reflect  .   c - +0 hat
rElec    .         Harm     .   (no cloak)
rCorr    .         Rampage  .   (no gloves)
Will     .....                  (no boots)
Stlth    ++........             (no amulet)
HPRegen  0.06/turn              j - +6 ring of intelligence
MPRegen  0.10/turn              (no ring)

@: no status effects
A: magic shield
a: no special abilities


You were on level 1 of the Dungeon.
You visited 1 branch of the dungeon, and saw 1 of its levels.

You collected 68 gold pieces.

Inventory:

Hand Weapons
 a - a +0 dagger (weapon)
Missiles
 f - 23 bolts
Armour
 b - a +0 robe (worn)
 c - a +0 hat (worn)
 d - a +0 leather armour
 l - a +0 chain mail
Jewellery
 j - a +6 ring of intelligence (left hand)
Scrolls
 g - 2 scrolls of fog {unknown}
 h - a scroll of enchant weapon {unknown}
 i - a scroll of teleportation {unknown}
 n - a scroll of amnesia {unknown}
Potions
 e - a potion of heal wounds {unknown}
 k - a potion of mutation {unknown}
 m - a potion of resistance {unknown}


   Skills:
 - Level 0.1 Short Blades
 + Level 1.8 Dodging
 + Level 2.3 Stealth
 + Level 3.5 Spellcasting
 + Level 1.0 Conjurations
 + Level 1.0 Summonings
 + Level 0.8 Translocations


You had 7 spell levels left.
You knew the following spells:

 Your Spells              Type           Power        Failure   Level
a - Magic Dart            Conj           28%          9%          1

Your spell library contained the following spells:

 Spells                   Type           Power        Failure   Level
 Call Imp                 Summ           7%           13%         2
 Blink                    Tloc           N/A          14%         2
 Slow                     Hex            3%           19%         2
 Conjure Flame            Conj/Fire      5%           30%         3
 Mephitic Cloud           Conj/Pois/Air  5%           32%         3


Dungeon Overview and Level Annotations

Branches:
Dungeon (1/15)

Altars:
Ru


Innate Abilities, Weirdness & Mutations

When hurt, damage is shared between your health and your magic reserves.


Message History

You hit the jackal.
The jackal is lightly wounded.
The jackal barely misses you.
You barely miss the jackal.
The jackal is lightly wounded.
The jackal bites you.
* * * LOW HITPOINT WARNING * * *
The jackal bites you but does no damage.
Found 7 gold pieces.
The jackal misses you. The jackal closely misses you.
Casting: Magic Dart (safe; 9% risk of failure)
Confirm with . or Enter, or press ? or * to list all spells.
Aiming: Magic Dart (safe; 9% risk of failure)
Press: ? - help, Shift-Dir - straight line, f - jackal
Aim: a jackal (lightly wounded, 0% to evade)
The magic dart hits the jackal but does no damage.
The jackal is lightly wounded.
The jackal bites you.
You die...

#.#(..............P.P≈PPP........
................ #PPP.P...#..###
................ #.#..........#
...†............ #.........##.#
.............##########...#..# ..
.............# #....###..#..# #.
........†....# #.....††..#..# #.
..............###.....###.#..# #.
..#.#...##......@h.....##.#..# #.
..#.#...##.............$..#..###.
.(#......#....................[..
..###....#....#..........#.#.##..
.........#....#.#........#.......
..#......#... ..........##...##..
.##......#.. ...........##......#
. #...#.##.. ... ....... #.#.####
###...#.####### # #.####


You could see a jackal.

Vanquished Creatures
  3 bats (D:1)
  6 goblins (D:1)
  3 jackals (D:1)
  2 frilled lizards (D:1)
  A kobold (D:1)
  6 rats (D:1)
21 creatures vanquished.

Notes
Turn   | Place    | Note
-------+----------+-------------------------------------------
     0 | D:1      | Almogavar the Demonspawn Hedge Wizard began the quest for
                  | the Orb.
     0 | D:1      | Reached XP level 1. HP: 13/13 MP: 4/4
     1 | D:1      | Found a sacrificial altar of Ru.
   268 | D:1      | Gained mutation: When hurt, damage is shared between your
                  | health and your magic reserves. [demonic ancestry]
   268 | D:1      | Reached XP level 2. HP: 19/19 MP: 1/6
   835 | D:1      | Slain by a jackal

Illustrated notes

Levels and vault maps discovered:
D:1:      sevenhm_arrival_forest_fort_small_6, layout_basic, serial_bayou,
          serial_bayou_lagoon_a, serial_bayou_pond_d, serial_bayou_pond_a,
          serial_bayou_crossing

Skill      XL: |  1 |
---------------+----+-----
Stealth        | 2 |  2.3
Short Blades   | |  0.1
Dodging        | |  1.8
Spellcasting   | |  3.5
Conjurations   | |  1.0
Summonings     | |  1.0
Translocations | |  0.8

Action                   || total
-------------------------++-------
Melee: Dagger            ||    53
 Cast: Magic Dart        ||    20
 Stab: Sleeping          ||     1
Armor: Robe              ||    18
Dodge: Dodged            ||    70
